 Dungeon Crawl Stone Soup version 0.18-a0-1171-ga8e22e7 (webtiles) character file.

28 4thArraOfDagon the Caller (level 3, -1/18 HPs)
             Began as a Vine Stalker Summoner on Jan 26, 2016.
             Was an Initiate of Ru.
             Slain by an adder (2 damage)
             ... on level 2 of the Dungeon.
             The game lasted 00:01:57 (401 turns).

4thArraOfDagon the Caller (Vine Stalker Summoner)    Turns: 401, Time: 00:01:57

Health: -1/18      AC:  3    Str: 11    XL:     3   Next: 12%
Magic:  0/7        EV: 12    Int: 15    God:    Ru [......]
Gold:   53         SH:  0    Dex: 14    Spells: 1 memorised, 5 levels left

rFire  . . .     SeeInvis .       - Unarmed
rCold  . . .     Gourm    .     a - +0 robe
rNeg   . . .     Faith    .     (no shield)
rPois  .         Spirit   +     g - +0 helmet
rElec  .         Dismiss  .     (no cloak)
rCorr  .         Reflect  .     (no gloves)
SustAt .         Harm     .     (no boots)
MR     .....                    (no amulet)
Stlth  ++........               (no ring)
                                (no ring)

@: lethally poisoned (-1 -> -1), not resistant to hostile enchantments,
unstealthy
A: fangs 2, regeneration 1, magic shield, antimagic bite, no device heal 3, rot
immunity
a: Renounce Religion


You were on level 2 of the Dungeon.
You worshipped Ru.
Ru was noncommittal.
You were not hungry.

You visited 1 branch of the dungeon, and saw 3 of its levels.

You collected 53 gold pieces.

Inventory:

Armour
 a - a +0 robe (worn)
 g - a +0 helmet (worn)
Scrolls
 d - a scroll of remove curse {unknown}
 e - a scroll of magic mapping {unknown}
Potions
 f - a potion of beneficial mutation {unknown}
 h - a potion of cancellation {unknown}
 i - a potion of resistance {unknown}
Books
 b - a book of Callings

   Spells                             Type                      Level
   a - Summon Small Mammal            Summoning                    1
   b - Call Imp                       Summoning                    2
   c - Call Canine Familiar           Summoning                    3
   d - Summon Guardian Golem          Hexes/Summoning              3
   e - Summon Lightning Spire         Summoning/Air                4
   f - Summon Ice Beast               Ice/Summoning                4
Comestibles
 c - 2 bread rations


   Skills:
 + Level 1.1 Fighting
 - Level 1.5 Dodging
 - Level 2.4 Stealth
 * Level 2.1 Unarmed Combat
 - Level 2.1 Spellcasting
 - Level 4.0 Summonings


You had 5 spell levels left.
You knew the following spells:

 Your Spells              Type           Power        Failure   Level  Hunger
a - Summon Small Mammal   Summ           ##..         4%          1    #......


Dungeon Overview and Level Annotations

Branches:
Dungeon (3/15)

Altars:
Ru
Zin


Innate Abilities, Weirdness & Mutations

You have extremely sharp teeth.
Your natural rate of healing is unusually fast.
When hurt, damage is shared between your health and your magic reserves.
Your bite disrupts and absorbs the magic of your enemies.
Potions and wands cannot restore your health.
You are immune to rotting.


Message History

The adder is heavily wounded.
The adder barely misses you.
You closely miss the adder.
The adder is heavily wounded.
You feel sick. The adder barely misses you. x2
You are too injured to fight recklessly!
You hit the adder but do no damage.
The adder is heavily wounded.
The adder bites you.
* * * LOW HITPOINT WARNING * * *
You closely miss the adder.
The adder is heavily wounded.
The adder bites you.
* * * LOW HITPOINT WARNING * * *
You are too injured to fight recklessly!
You closely miss the adder.
The adder is heavily wounded.
* * * LOW HITPOINT WARNING * * *
You feel sick. The adder bites you.
You die...

###..........##
##......####.##
#...#.######..#
......).....#.#
.....†>.....#.#
..##.<......#.##
..##........#..##
.#############..###
.# ##.@S# .######
###....# ......#
###>... ......####
### .........#
......##.#
...#####'## ##
..##⌠##...##⌠##
.##.).##.##...##


You could see an adder.

Vanquished Creatures
  A gnoll (D:2)
  An ooze (D:2)
  A bat (D:1)
  2 goblins
  4 hobgoblins
  2 kobolds
  A rat (D:2)
12 creatures vanquished.

Notes
Turn   | Place    | Note
--------------------------------------------------------------
     0 | D:1      | 4thArraOfDagon the Vine Stalker Summoner began the quest for the Orb.
     0 | D:1      | Reached XP level 1. HP: 9/9 MP: 4/4
   111 | D:1      | Reached skill level 1 in Unarmed Combat
   193 | D:2      | Reached XP level 2. HP: 14/14 MP: 6/6
   252 | D:2      | Found a sacrificial altar of Ru.
   257 | D:2      | Found a glowing silver altar of Zin.
   300 | D:2      | Became a worshipper of Ru the Awakened
   344 | D:2      | Reached skill level 1 in Fighting
   387 | D:2      | Reached XP level 3. HP: 9/18 MP: 4/7
   401 | D:2      | Slain by an adder

Vault maps used:
D:1:      lemuel_arrival_rhombus
D:2:      amethyst_overflow_temple_binary

Action                   || total
-------------------------++-------
Melee: Unarmed           ||    80
 Stab: Sleeping          ||     2
